 Dungeon Crawl Stone Soup version 0.29.1-1-gd02db6906a (webtiles) character file.

Game seed: 3863250537141387547

6616 gelatine the Firebug (level 10, -1/76 HPs)
             Began as a Demonspawn Fire Elementalist on Sept 24, 2022.
             Was a Believer of Vehumet.
             Slain by a death yak (22 damage)
             ... on level 9 of the Dungeon.
             The game lasted 00:37:37 (9171 turns).

gelatine the Firebug (Demonspawn Fire Elementalist) Turns: 9171, Time: 00:37:38

Health: -1/76      AC: 11    Str:  8    XL:     10   Next: 72%
Magic:  7/21       EV: 16    Int: 20    God:    Vehumet [**....]
Gold:   1171       SH:  5    Dex: 19    Spells: 9/24 levels left

rFire   . . .      SeeInvis +   C - +3 quarterstaff (chaos)
rCold   + . .      Faith    .   (shield currently unavailable)
rNeg    . . .      Spirit   .   M - +1 robe {Archmagi}
rPois   +          Reflect  +   z - +2 helmet {SInv}
rElec   .          Harm     .   L - scarf {repulsion}
rCorr   .          Rampage  ∞   D - +0 pair of gloves
Will    .....      Archmagi +   h - +3 pair of seven-league boots {Rampage+∞}
Stlth   +++.......              g - amulet of reflection
HPRegen 0.22/turn               s - ring of flight
MPRegen 0.34/turn               H - ring of Cupis {rPois rC+ Dex+4 SInv}

@: flying, repel missiles
A: claws 1, spiny 2, magic regeneration
a: Renounce Religion


You were on level 9 of the Dungeon.
You worshipped Vehumet.
Vehumet was pleased with you.
You visited 2 branches of the dungeon, and saw 10 of its levels.

You collected 1968 gold pieces.
You spent 797 gold pieces at shops.

Inventory:

Hand Weapons
 C - a +3 quarterstaff of chaos (weapon)
 J - a +2 dagger of venom
Missiles
 l - 6 boomerangs of dispersal
 y - 5 throwing nets
Armour
 h - the +3 pair of seven-league boots (worn) {Rampage+∞}
   (You acquired it on level 8 of the Dungeon)

   Its wearer moves as far as possible in that direction when moving towards
   enemies.
 z - a +2 helmet of see invisible (worn)
 D - a +0 pair of gloves (worn)
 L - a scarf of repulsion (worn)
 M - a +1 robe of the Archmagi (worn)
Jewellery
 g - an amulet of reflection (around neck)
 s - a ring of flight (left hand)
 B - an amulet of magic regeneration
 H - the ring of Cupis (right hand) {rPois rC+ Dex+4 SInv}
   (You acquired it on level 7 of the Dungeon)

   [ring of protection from cold]

   Dex:       It affects your dexterity (+4).
   rC:        It protects you from cold.
   rPois:     It protects you from poison.
   SInv:      It lets you see invisible.
Wands
 a - a wand of quicksilver (2)
Scrolls
 c - a scroll of summoning
 e - a scroll of poison {unknown}
 j - 3 scrolls of butterflies
 k - a scroll of fear
 o - a scroll of enchant weapon
 q - 4 scrolls of immolation
 r - a scroll of silence
 t - 2 scrolls of vulnerability
 E - a scroll of blinking {unknown}
 F - a scroll of torment {unknown}
 I - a scroll of teleportation {unknown}
 K - a scroll of enchant armour {unknown}
Potions
 b - 3 potions of magic
 d - 8 potions of curing
 f - 2 potions of haste {unknown}
 m - a potion of invisibility {unknown}
 p - 2 potions of heal wounds
 u - a potion of resistance {unknown}
 x - 3 potions of flight {unknown}
 A - 2 potions of brilliance {unknown}


   Skills:
 * Level 6.2 Fighting
 + Level 1.8 Staves
 * Level 6.5 Dodging
 + Level 4.0 Stealth
 + Level 0.7 Shields
 + Level 7.5 Spellcasting
 + Level 5.0 Conjurations
 * Level 2.0 Hexes
 + Level 7.6 Fire Magic
 * Level 2.6 Evocations


You had 9 spell levels left.
You knew the following spells:

 Your Spells              Type           Power      Damage    Failure   Level
a - Foxfire               Conj/Fire      100%       2x1d9     1%          1
b - Scorch                Fire           100%       2d10      1%          2
c - Flame Wave            Conj/Fire      49%        2d12      7%          4
d - Inner Flame           Hex/Fire       40%        N/A       3%          3
e - Conjure Flame         Conj/Fire      49%        6-21      1%          3
f - Searing Ray           Conj           82%        2d7       1%          2

Your spell library contained the following spells:

 Spells                   Type           Power      Damage    Failure   Level
 Ignite Poison            Fire/Tmut/Pois 26%        N/A       10%         3
 Apportation              Tloc           22%        N/A       9%          1
 Tukima's Dance           Hex            23%        N/A       12%         3
 Portal Projectile        Hex/Tloc       34%        N/A       19%         3
 Summon Guardian Golem    Hex/Summ       17%        N/A       19%         3
 Cause Fear               Hex            11%        N/A       36%         4
 Summon Ice Beast         Ice/Summ       11%        N/A       65%         4
 Summon Mana Viper        Hex/Summ       17%        N/A       86%         5
 Blade Hands              Tmut           5%         N/A       94%         5
 Manifold Assault         Tloc           11%        N/A       94%         5
 Dispersal                Tloc           5%         N/A       100%        6
 Monstrous Menagerie      Summ           5%         N/A       100%        7
 Orb of Destruction       Conj           20%        9d8       100%        7
 Spellforged Servitor     Conj/Summ      13%        N/A       100%        7
 Discord                  Hex            11%        N/A       100%        8
 Disjunction              Tloc           5%         N/A       100%        8


Dungeon Overview and Level Annotations

Branches:
Dungeon (9/15)             Temple (1/1) D:7
   Lair: D:8-11         Orc: D:9-12

Altars:
Ashenzari
Cheibriados
Dithmenos
Fedhas
Gozag
Hepliaklqana
Makhleb
Okawaru
Qazlal
Ru
Sif Muna
Uskayaw
Vehumet
Wu Jian
Xom
Yredelemnul

Shops:
D:1 (   D:2 =[[:(


Innate Abilities, Weirdness & Mutations

You have sharp fingernails.
You are mostly covered in sharp spines.
You regenerate magic rapidly.


Message History

The bolt of dispelling energy hits the yak!!
The yak is almost dead.
Your attack snaps the yak out of its fear.
The death yak misses you.
You feel much better. The death yak barely misses you.
Aiming: Quicksilver Bolt
Press: ? - help, Q - select action, (/) - cycle Shift-Dir - straight line, f/p - death yak
Aim: a death yak (heavily wounded, 90% to hit)
The bolt of dispelling energy hits the death yak.
The death yak is heavily wounded.
The bolt of dispelling energy hits the yak!
The yak is heavily wounded.
The bolt of dispelling energy hits the yak!!
You kill the yak!
Vehumet accepts your kill.
You feel your power returning.
The bolt of dispelling energy hits the yak!
You kill the yak!
Vehumet accepts your kill.
You feel your power returning. The death yak misses you.
Your magical contamination has completely faded away.
Your Hexes skill increases to level 2!
Casting: Flame Wave (dangerous; 7% risk of failure)
Confirm with . or Enter, or press ? or * to list all spells.
Casting: Flame Wave (dangerous; 7% risk of failure)
Press: ? - help, Dir - look around, f - activate You feel a surge of power!
A wave of flame ripples out!
The flame wave engulfs the death yak.
The death yak is severely wounded. (Press . to intensify the flame waves.)
The death yak gores you!
* * * LOW HITPOINT WARNING * * *
A wave of flame ripples out!
The flame wave engulfs the death yak!
The death yak is severely wounded.
The flame wave engulfs the yak!!
You kill the yak!
Vehumet accepts your kill. The death yak is struck by your spines.
The death yak gores you!!
You die...

#### ##..## #.<..#
########.....
####.##.#......#
###.#......#......
#@Y†..††..##......
###.............##
#........####..##
##......## #...#
#......## ##...
#####
#.......#####...
##.#.##
###....Y.....##...
#.....#
#............Y>...
#.....#
#............÷.Y..


You could see a death yak.

Vanquished Creatures
  A two-headed ogre (D:8)
  A death yak (D:9)
  A hornet (D:7)
  Prince Ribbit (D:7)
  18 yaks
  A wyvern (D:6)
  Eustachio (D:6)
  A steam dragon (D:7)
  A sky beast (D:7)
  2 orc warriors
  An ice beast (D:5)
  4 ogres
  2 centaurs
  2 necrophages
  2 bullfrogs
  A scorpion (D:6)
  2 howler monkeys
  2 gnoll boudas
  3 orc priests
  3 hounds
  2 jellies
  Crazy Yiuf (D:5)
  4 iguanas
  10 orc wizards
  7 gnolls
  7 adders
  A shadow imp (D:6)
  3 white imps
  2 ufetubi (D:6)
  3 worms
  2 dart slugs
  32 orcs
  6 ball pythons
  2 endoplasms (D:4)
  3 giant cockroaches
  7 goblins
  5 hobgoblins
  9 jackals
  5 kobolds
  2 quokkas
  A frilled lizard (D:3)
  2 rats (D:1)
166 creatures vanquished.

Vanquished Creatures (others)
  8 demonic plants (D:5)
  652 foxfires
660 creatures vanquished.

Grand Total: 826 creatures vanquished

Notes
Turn   | Place    | Note
-------+----------+-------------------------------------------
     0 | D:1      | gelatine the Demonspawn Fire Elementalist began the quest
                  | for the Orb.
     0 | D:1      | Reached XP level 1. HP: 13/13 MP: 3/3
   138 | D:1      | Found Hoyberph's Weapon Emporium.
   342 | D:1      | Gained mutation: You regenerate magic rapidly. [demonic
                  | ancestry]
   342 | D:1      | Reached XP level 2. HP: 18/19 MP: 0/5
   533 | D:1      | Found a faded altar of an unknown god.
   917 | D:2      | Found Xufunoj's Armour Shop.
  1052 | D:2      | Found Fair's Antique Armour Emporium.
  1127 | D:2      | Found Nabonu's Jewellery Boutique.
  1345 | D:2      | Got the Directory of Articulation
  1346 | D:2      | Found Quruhef's Book Boutique.
  1568 | D:2      | Found Paha's Weapon Emporium.
  1744 | D:3      | Learned a level 2 spell: Scorch
  1788 | D:3      | Gained mutation: You have sharp fingernails. [demonic
                  | ancestry]
  1788 | D:3      | Reached XP level 3. HP: 24/24 MP: 2/6
  2084 | D:3      | HP: 1/24 [orc/+0 hand axe (5)]
  2741 | D:3      | Gained mutation: You are partially covered in sharp spines.
                  | [demonic ancestry]
  2741 | D:3      | Reached XP level 4. HP: 30/30 MP: 3/8
  3110 | D:4      | Found a snail-covered altar of Cheibriados.
  3193 | D:4      | Reached XP level 5. HP: 36/36 MP: 0/9
  3356 | D:4      | Reached skill level 1 in Fighting
  3526 | D:4      | Noticed an ogre
  3531 | D:4      | Killed an ogre
  3532 | D:4      | Gained mutation: You are mostly covered in sharp spines.
                  | [demonic ancestry]
  3532 | D:4      | Reached XP level 6. HP: 43/43 MP: 5/11
  4005 | D:5      | Entered Level 5 of the Dungeon
  4300 | D:5      | You are sucked into a shaft and drop 2 floors!
  4304 | D:7      | Found a staircase to the Ecumenical Temple.
  4313 | Temple   | Entered the Ecumenical Temple
  4419 | Temple   | Became a worshipper of Vehumet
  4492 | D:6      | Reached XP level 7. HP: 50/50 MP: 8/12
  5031 | D:2      | Bought a glowing helmet for 172 gold pieces
  5318 | D:5      | Reached skill level 5 in Fire Magic
  5644 | D:5      | Found a runed translucent door.
  5645 | D:5      | Noticed Crazy Yiuf
  5652 | D:5      | Killed Crazy Yiuf
  5653 | D:5      | Reached XP level 8. HP: 41/57 MP: 8/15
  5935 | D:6      | Noticed Eustachio
  5942 | D:6      | Killed Eustachio
  5943 | D:6      | Reached skill level 5 in Spellcasting
  5986 | D:6      | Reached * piety under Vehumet
  5986 | D:6      | Offered knowledge of Freeze by Vehumet.
  6219 | D:6      | Found an iron altar of Okawaru.
  6300 | D:7      | Noticed a hornet
  6310 | D:7      | Killed a hornet
  6313 | D:7      | Identified 3 scrolls of acquirement
  6314 | D:7      | Acquired the ring of Cupis {rPois rC+ Dex+4 SInv}
  6513 | D:7      | Reached XP level 9. HP: 65/65 MP: 15/17
  6529 | D:7      | Reached skill level 1 in Staves
  6573 | D:7      | Noticed Prince Ribbit
  6583 | D:7      | Killed Prince Ribbit
  7028 | D:8      | Acquired 810 gold pieces
  7113 | D:2      | Bought a scarf of repulsion for 168 gold pieces
  7113 | D:2      | Bought a +1 robe of the Archmagi for 457 gold pieces
  7262 | D:8      | Found a shimmering altar of Xom.
  7502 | D:8      | Learned a level 4 spell: Flame Wave
  7525 | D:8      | Reached skill level 5 in Fighting
  7525 | D:8      | Reached skill level 5 in Dodging
  7527 | D:8      | Offered knowledge of Searing Ray by Vehumet.
  7532 | D:8      | Learned a level 3 spell: Inner Flame
  7536 | D:8      | Learned a level 3 spell: Conjure Flame
  7614 | D:8      | Reached ** piety under Vehumet
  7786 | D:8      | Noticed a two-headed ogre
  7790 | D:8      | Learned a level 2 spell: Searing Ray
  7803 | D:8      | Killed a two-headed ogre
  8070 | D:8      | Found a broken altar of Ashenzari.
  8074 | D:8      | Saw a vision of the Swamp and the Spider Nest.
  8074 | D:8      | Noticed an orb spider
  8074 | D:8      | Noticed a steelbarb worm
  8074 | D:8      | Noticed a swamp dragon
  8074 | D:8      | Noticed a goliath frog
  8074 | D:8      | Noticed a bog body
  8074 | D:8      | Noticed a ghost crab
  8074 | D:8      | Noticed a goliath frog
  8075 | D:8      | Noticed an orb spider
  8076 | D:8      | Noticed a steelbarb worm
  8076 | D:8      | Noticed a wolf spider
  8077 | D:8      | Noticed an eight-headed hydra
  8079 | D:8      | Noticed a tyrant leech
  8244 | D:8      | Reached XP level 10. HP: 74/74 MP: 20/20
  8279 | D:8      | Acquired 714 gold pieces
  8280 | D:8      | Acquired the +3 pair of seven-league boots {Rampage+∞}
  8280 | D:8      | Found the +3 pair of seven-league boots {Rampage+∞}
  8317 | D:8      | Found a shadowy altar of Dithmenos.
  8566 | D:9      | Found a shimmering blue altar of Sif Muna.
  8876 | D:9      | Reached skill level 1 in Evocations
  8885 | D:9      | Reached skill level 1 in Hexes
  8893 | D:9      | Noticed a death yak
  9135 | D:9      | Noticed a death yak
  9136 | D:9      | Noticed a death yak
  9160 | D:9      | Killed a death yak
  9161 | D:9      | Reached skill level 5 in Conjurations
  9165 | D:9      | Offered knowledge of Ignite Poison by Vehumet.
  9171 | D:9      | Slain by a death yak

Illustrated notes

Levels and vault maps discovered:
D:1:      spicycebolla_arrival_xxxplode, layout_loops_cross,
          hellmonk_ecumenical_altar_inner_sanctum, serial_shops,
          nicolae_shop_temple_entry_statues_fountains, minmay_tripent
D:2:      layout_loops_ring, serial_shops, nicolae_shop_behind_doors, shop,
          nicolae_shop_advertising_works [nicolae_subvault_shop_adworks],
          nicolae_shop_waterfront, nicolae_shop_behind_doors, kennysheep_nub,
          kennysheep_generic_room_10
D:3:      layout_basic
D:4:      layout_cave_pools, slow_altar_1, tso_metal_star, minivault_27
D:5:      layout_basic, serial_demonic, serial_demonic_d, serial_demonic_g,
          serial_demonic_f, serial_demonic_g, uniq_crazy_yiuf_cottage
D:6:      layout_gridville, okawaru_metal_pillars_3, uniq_eustachio
D:7:      layout_cave_pools, minmay_temple_entry_arrows, uniq_prince_ribbit1
D:8:      layout_gridville, mainiacjoe_overflow_six_doors_small,
          grunt_ashenzari_visionary [grunt_ashenzari_visionary_swamp,
          grunt_ashenzari_visionary_spider], nicolae_overflow_hidden_temple,
          minmay_tree_intersection
D:9:      layout_cave_pools, nicolae_sif_muna_condensation,
          gammafunk_temple_overflow_elements, dpeg_lair_monsters, special_room
          [special_room_orc], serial_shops, nicolae_diamond_shop
Temple:   nicolae_temple_hex_pool

Skill      XL: |  1  2  3  4  5  6  7  8  9 10 |
---------------+-------------------------------+-----
Fire Magic     | 3 4 5 6 7 |  7.6
Stealth        | 2 3 4 |  4.0
Spellcasting   | 3 4 5 7 |  7.5
Dodging        | 2 3 4 5 6 |  6.5
Fighting       | 1 2 4 5 6 |  6.2
Conjurations   | 2 3 4 5 |  5.0
Staves         | 1 |  1.8
Evocations     | 2 |  2.6
Hexes          | 2 |  2.0
Shields        | |  0.7

Action                   |  1- 3 |  4- 6 |  7- 9 | 10-12 || total
-------------------------+-------+-------+-------+-------++-------
Melee: Dagger            |    38 |     7 |     3 |       ||    48
       Quarterstaff      |       |       |    11 |    15 ||    26
 Cast: Foxfire           |    89 |    89 |   169 |    43 ||   390
       Scorch            |     2 |    13 |    48 |    11 ||    74
       Conjure Flame     |       |       |     2 |     3 ||     5
       Flame Wave        |       |       |     1 |     5 ||     6
       Inner Flame       |       |       |     1 |       ||     1
Evoke: Wand              |       |       |       |     2 ||     2
  Use: Scroll            |       |     8 |     6 |     4 ||    18
       Potion            |       |       |       |     1 ||     1
 Stab: Sleeping          |     1 |       |       |       ||     1
Armor: Robe              |    12 |     1 |     8 |     5 ||    26
Dodge: Dodged            |    26 |     4 |    18 |    30 ||    78
Block: Other             |       |       |       |    15 ||    15
